AoeStats
← [LMB] Vortex

Hideout

509002550Analyzed
1v1 RM · 9d ago on Sep 25, 2026· 46m 31s· 2 players
Game mode
Random Map
Map size
Tiny (2 player)
Population
200
Speed
Normal
Resources
Standard
Victory
Conquest
Starting age
Dark Age
Ending age
Imperial Age
RankedLock teamsTeams togetherTeam positionsShared explorationLock speedFull tech treeHidden civsTurbo modeCheats
Victory
Defeat
🇲🇽 Portuguese · Mexico
1295
+15
🇨🇴 Inca · Colombia
1275
-15
SpartanLee
2:48 Loom
9:50 Feudal Age
10:49 Double-Bit Axe
13:02 Horse Collar
20:47 Castle Age
19:54 Gold Mining
20:11 Scale Mail Armor
21:22 Forging
21:57 Fletching
23:53 Town Watch
24:31 Champi Runner
26:39 Bodkin Arrow
27:09 Pikeman
28:49 Chain Mail Armor
31:41 Squires
34:07 Wheelbarrow
39:52 Imperial Age
37:46 Arson
37:56 Champi Warrior
40:20 Halberdier
41:46 Redemption
43:00 Block Printing
43:06 Sanctity
44:24 Iron Casting
45:45 Illumination
45:58 Theocracy
45:50 Conscription
46:01 Plate Mail Armor
[LMB] Vortex
9:35 Feudal Age
10:35 Loom
12:22 Fletching
21:36 Castle Age
19:50 Double-Bit Axe
20:59 Stone Mining
23:31 Scale Barding Armor
24:35 Horse Collar
31:29 Wheelbarrow
33:23 Chain Barding Armor
37:31 Imperial Age
36:15 Hand Cart
36:27 Town Watch
38:50 Plate Barding Armor
39:00 Conscription
40:05 Ballistics
40:45 Chemistry
39:57 Forging
41:07 Iron Casting
40:37 Bodkin Arrow
42:34 Blast Furnace
42:18 Bracer
42:53 Bloodlines
42:43 Husbandry
42:05 Cavalier
44:26 Heavy Plow
46:06 Light Cavalry
Connection lost

Rejoining the realm…

Still unreachable

The connection could not be restored.

Session expired

The server has moved on; the page needs a fresh start.